 Dungeon Crawl Stone Soup version 0.32-a0-702-gc29ba85809 (webtiles) character file.

Game seed: 7405894482687265138

16650 Nattfarinn the Thaumaturge (level 12, -4/93 (95) HPs)
             Began as a Mountain Dwarf Necromancer on Mar 14, 2024.
             Was an Elder of Hepliaklqana.
             Slain by a hell rat (11 damage)
             ... on level 1 of the Lair of Beasts.
             The game lasted 00:39:08 (19460 turns).

Nattfarinn the Thaumaturge (MDNe)                  Turns: 19460, Time: 00:39:09

HP:   -4/93 (95)    AC:  9    Str: 16    XL:     12   Next: 11%
MP:   27/27         EV: 10    Int: 16    God:    Hepliaklqana [****..]
Gold: 1356          SH:  0    Dex: 10    Spells: 25/33 levels left

rFire   + . .        C - +2 scythe (pain)
rCold   . . .        (shield currently unavailable)
rNeg    . . .        A - +3 leather armour
rPois   .            O - +0 hat {Will+}
rElec   .            x - +0 cloak
rCorr   .            (no gloves)
SInv    .            T - +0 pair of boots {Fly}
Will    ++...        (no amulet)
Stlth   +            w - ring of protection from cold
HPRegen 0.35/turn    f - ring of fire
MPRegen 0.20/turn

%: no passive effects
@: flying, lightly drained
A: reduced essence, runic magic, artefact enchanting
a: Renounce Religion, Recall Ancestor, Ancestor Identity, Transference, Idealise


You were on level 1 of the Lair of Beasts.
You worshipped Hepliaklqana.
Hepliaklqana was greatly pleased with you.
You visited 2 branches of the dungeon, and saw 12 of its levels.
You also visited: Sewer and Bailey.

You collected 1499 gold pieces.
You spent 143 gold pieces at shops.

Inventory:

Hand Weapons
 e - a +0 dagger of venom
 B - a +4 glaive
 C - a +2 scythe of pain (weapon)
 D - a +2 dagger of protection
 F - a +1 rapier of draining
 W - the +2 great mace "Kofiek" {vamp, rN+}
   (You took it off a hobgoblin in a bailey)

   rN+:       It protects you from negative energy.
Missiles
 R - 3 throwing nets
Armour
 x - a +0 cloak (worn)
 A - a +3 leather armour (worn)
 O - a +0 hat of willpower (worn)
 Q - an orb of guile
 T - a +0 pair of boots of flying (worn)
 U - a +4 plate armour
 X - a +3 scale mail of fire resistance
Jewellery
 f - a ring of fire (right hand)
 w - a ring of protection from cold (left hand)
 J - a ring of fire
 M - a ring of flight
Wands
 a - a wand of charming (16)
 d - a wand of polymorph (7)
 g - a wand of mindburst (2)
 E - a wand of flame (19)
 G - a wand of digging (8)
 L - a wand of acid (17)
Scrolls
 h - a scroll of immolation
 i - 5 scrolls of amnesia
 l - 2 scrolls of revelation
 o - 3 scrolls of teleportation
 p - a scroll of enchant weapon
 q - a scroll of torment
 r - a scroll of brand weapon
 s - a scroll of silence
 v - a scroll of enchant armour {unknown}
 y - 3 scrolls of fog
 I - a scroll of vulnerability {unknown}
 S - a scroll of blinking
 V - a scroll of identify
 Z - 2 scrolls of noise
Potions
 b - 3 potions of magic
 c - 6 potions of enlightenment
 k - 8 potions of curing
 m - 2 potions of mutation {unknown}
 n - 2 potions of cancellation {unknown}
 t - 3 potions of brilliance
 u - 3 potions of haste {unknown}
 z - 2 potions of invisibility {unknown}
 H - 2 potions of lignification {unknown}
 K - 2 potions of ambrosia {unknown}
 N - a potion of attraction {unknown}
 P - a potion of berserk rage {unknown}
 Y - a potion of heal wounds


   Skills:
 - Level 10.1 Fighting
 - Level 9.1 Polearms
 + Level 4.9 Armour
 - Level 1.3 Dodging
 - Level 1.4 Stealth
 - Level 11.0 Spellcasting
 - Level 9.0 Necromancy


You had 25 spell levels left.
You knew the following spells:

 Your Spells              Type           Power      Damage    Failure   Level
a - Necrotise             Necr           100%       1d9       1%          1
b - Vampiric Draining     Necr           37%        2d8       1%          3
c - Animate Dead          Necr           37%        N/A       1%          4

Your spell library contained the following spells:

 Spells                   Type           Power      Damage    Failure   Level
 Curse of Agony           Necr           37%        N/A       6%          5
 Magic Dart               Conj           32%        1d4       9%          1
 Blink                    Tloc           16%        N/A       13%         2
 Call Imp                 Summ           16%        N/A       13%         2
 Lesser Beckoning         Tloc           16%        N/A       13%         2
 Searing Ray              Conj           16%        2d5       13%         2
 Dazzling Flash           Conj/Hex       16%        N/A       26%         3
 Gell's Gravitas          Tloc           8%         N/A       26%         3
 Passwall                 Erth           8%         N/A       26%         3
 Teleport Other           Tloc           8%         N/A       26%         3
 Volatile Blastmotes      Fire/Tloc      26%        2d12      26%         3
 Death Channel            Necr           18%        N/A       32%         6
 Borgnjor's Vile Clutch   Necr/Erth      11%        N/A       36%         5
 Fulminant Prism          Conj/Alch      4%         3d5       63%         4
 Bombard                  Conj/Erth      4%         9d2       100%        6
 Conjure Ball Lightning   Conj/Air       4%         3x3d6     100%        6
 Starburst                Conj/Fire      6%         6d4       100%        6
 Discord                  Hex            4%         N/A       100%        8
 Disjunction              Tloc           4%         N/A       100%        8
 Maxwell's Capacitive Co  Air            4%         ∞         100%        8


Dungeon Overview and Level Annotations

Branches:
Dungeon (11/15)            Temple (0/1) D:7            Lair (1/5) D:11
    Orc (0/2) D:11          Sewer (visited)          Bailey (visited)

Altars:
Cheibriados
Elyvilon
Fedhas
Hepliaklqana
Kikubaaqudgha
Trog
Vehumet
Wu Jian
Xom
Zin
Beogh

Shops:
D:4 ==!*:   D:5 =   D:9 (


Innate Abilities, Weirdness & Mutations

Your life essence is reduced to manifest your ancestor. (-10% HP)
Your spellcasting is much less encumbered by armour.
You can use scrolls of enchantment on lesser artefacts.


Message History

Aim: a komodo dragon (heavily wounded, about 30% to evade your +2 scythe of pain)
You reach to attack!
You hit the komodo dragon.
The komodo dragon writhes in agony.
The komodo dragon is severely wounded.
The hell rat closely misses you.
Atexexka blocks the hell rat's attack.
The hell rat bites you.
You feel drained.
The komodo dragon bites Atexexka!!
Atexexka is destroyed!
The hell rat bites you but does no damage.
Okay, then.
Okay, then.
Reach: C) +2 scythe (pain)
Press: ? - help, Dir - move target, f/p - komodo dragon
Aim: a komodo dragon (severely wounded, about 30% to evade your +2 scythe of pain)
You reach to attack!
You puncture the komodo dragon!
You kill the komodo dragon!
The hell rat barely misses you. The hell rat bites you!
Okay, then.
As you read the scroll of summoning, it crumbles to dust.
Wisps of shadow whirl around you... The hell rat closely misses you.
The hell rat bites you but does no damage.
The hell rat bites you.
* * * LOW HITPOINT WARNING * * *
The hell rat bites you but does no damage.
The hell rat barely misses you.
The hell rat closely misses something.
Your cane toad stings the hell rat.
The hell rat attacks as it pursues you! The hell rat bites you.
* * * LOW HITPOINT WARNING * * *
You feel drained.
Your basilisk closely misses the hell rat.
Unknown command.
Unknown command.
You hit the hell rat but do no damage.
The hell rat is moderately wounded.
The hell rat bites you!
* * * LOW HITPOINT WARNING * * *
The hell rat bites something.
Your cane toad stings the hell rat!
The hell rat looks as sick as possible!
Your cane toad poisons the hell rat!
The hell rat bites you!
You die...
Hepliaklqana delivers you to your ancestors.

##..## # ##..#
# ##...#
###..### #...P#
##...## ##..###
##...# ##lr@##
#.†r##
#..?rl..#
#....F....#
............#
##..........#
.............#
...............
...............


You could see 3 hell rats, a friendly cane toad (summoned) and a friendly
basilisk (summoned).

Vanquished Creatures
  Gastronok (D:8)
  A two-headed ogre (D:8)
  Lodul (D:11)
  A manticore (D:11)
  3 cane toads
  Jeremiah (D:9)
  An unseen horror skeleton (D:8)
  An unseen horror zombie (D:8)
  A komodo dragon (Lair:1)
  A troll (D:8)
  Prince Ribbit (D:5)
  A blink frog (D:11)
  Sigmund (D:5)
  3 wyverns
  3 yaks (D:8)
  A wraith (D:11)
  Eustachio (D:5)
  A steam dragon (D:9)
  Edmund (D:6)
  Duvessa (D:4)
  A water moccasin (D:8)
  6 orc warriors
  2 ice beasts
  A hornet zombie (D:8)
  3 black bears
  A crocodile (Sewer)
  4 wolves
  5 ogres
  5 centaurs
  2 phantoms
  Blork the orc (D:5)
  5 bullfrogs
  2 scorpions
  A wyvern zombie (D:8)
  3 gnoll sergeants (D:9)
  6 wights
  Dowan (D:4)
  A burial acolyte (D:8)
  8 killer bees
  A centaur zombie (D:8)
  3 hounds
  2 bombardier beetles
  2 gnoll boudas
  7 iguanas
  5 orc priests
  2 sleepcaps
  5 orc wizards
  4 hell rats
  2 killer bee zombies (D:8)
  25 gnolls
  17 adders
  4 ufetubi
  5 dart slugs
  23 orcs
  2 endoplasms
  3 giant cockroaches
  12 goblins
  12 hobgoblins
  8 jackals
  3 quokkas
  17 ball pythons
  9 bats
  5 frilled lizards
  10 kobolds
  4 rats
276 creatures vanquished.

Vanquished Creatures (collateral kills)
  Erolcha (D:9)
  Pikel (D:8)
  Maurice (D:8)
  Joseph (D:7)
  A kobold demonologist (D:10)
  A wyvern (D:11)
  A yak (D:8)
  A water moccasin (D:7)
  A hornet zombie (D:8)
  2 sky beasts
  An orc warrior (Bailey)
  A black bear (D:7)
  4 ogres
  A wolf (Lair:1)
  A kobold brigand (D:8)
  2 gnoll sergeants (D:9)
  2 bullfrogs
  A wyvern skeleton (D:8)
  2 wights
  4 killer bees
  A human zombie (D:8)
  A hound (D:9)
  A gnoll bouda (D:9)
  2 orc priests
  2 jellies
  A sleepcap (D:6)
  5 orc wizards
  3 hell rats
  8 gnolls
  A river rat (D:11)
  11 orcs
  2 hobgoblins
  3 jackals
  A frilled lizard (D:4)
  9 kobolds
  A rat (D:4)
82 creatures vanquished.

Vanquished Creatures (others)
  A shadow (D:10)
  4 knights
  A gnoll zombie (Bailey)
  3 orc zombies (Bailey)
9 creatures vanquished.

Grand Total: 367 creatures vanquished

Notes
Turn   | Place    | Note
-------+----------+-------------------------------------------
     0 | D:1      | Nattfarinn the Mountain Dwarf Necromancer began the quest
                  | for the Orb.
     0 | D:1      | Reached XP level 1. HP: 14/14 MP: 3/3
   124 | D:1      | Reached skill level 1 in Fighting
   188 | D:1      | Reached XP level 2. HP: 6/24 MP: 0/4
  1411 | D:2      | Reached XP level 3. HP: 31/31 MP: 1/5
  2098 | D:2      | Learned a level 3 spell: Vampiric Draining
  2223 | D:2      | Reached XP level 4. HP: 40/40 MP: 2/6
  2987 | D:3      | Reached skill level 5 in Fighting
  3263 | D:3      | Reached XP level 5. HP: 32/48 MP: 0/7
  3384 | D:3      | Found a faded altar of an unknown god.
  3856 | D:3      | Found a blossoming altar of Fedhas.
  4115 | D:4      | Found Mixkojuc's Distillery.
  4226 | D:4      | Found a glowing drain.
  4230 | Sewer    | Entered a sewer
  4351 | Sewer    | Noticed a crocodile
  4377 | Sewer    | Killed a crocodile
  4378 | Sewer    | Reached XP level 6. HP: 32/58 MP: 4/8
  4719 | D:4      | Found Zahaq's Assorted Antiques.
  4912 | D:4      | Bought a potion of heal wounds for 55 gold pieces
  4912 | D:4      | Bought a potion of brilliance for 44 gold pieces
  4912 | D:4      | Bought a potion of degeneration for 11 gold pieces
  4912 | D:4      | Bought a potion of curing for 33 gold pieces
  4925 | D:4      | Found Eril's Book Emporium.
  5064 | D:4      | Found a hazy altar of Hepliaklqana.
  5071 | D:4      | Became a worshipper of Hepliaklqana the Forgotten
  5313 | D:4      | Found a snail-covered altar of Cheibriados.
  5438 | D:4      | Reached XP level 7. HP: 37/68 MP: 2/9
  5579 | D:4      | Found a white marble altar of Elyvilon.
  6065 | D:4      | Found Wuenuham's Jewellery Shop.
  6116 | D:5      | Entered Level 5 of the Dungeon
  6116 | D:5      | Noticed Prince Ribbit
  6138 | D:5      | Killed Prince Ribbit
  6226 | D:5      | Noticed Sigmund
  6338 | D:5      | Reached skill level 1 in Armour
  6408 | D:5      | Noticed Blork the orc
  6420 | D:5      | Killed Blork the orc
  6665 | D:5      | Killed Sigmund
  6666 | D:5      | Reached XP level 8. HP: 78/78 MP: 10/10
  6735 | D:5      | Reached skill level 5 in Necromancy
  6936 | D:5      | Noticed Dowan
  6997 | D:5      | Noticed Duvessa
  7035 | D:4      | Killed Duvessa
  7192 | D:4      | Killed Dowan
  7293 | D:5      | Found Loduax's Jewellery Shoppe.
  7497 | D:5      | Noticed Eustachio
  7599 | D:5      | Killed Eustachio
  7757 | D:5      | Found a shimmering altar of Xom.
  7839 | D:6      | Reached * piety under Hepliaklqana
  8000 | D:6      | Noticed Edmund
  8013 | D:6      | Killed Edmund
  8014 | D:6      | Reached XP level 9. HP: 62/75 MP: 1/11
  8446 | D:6      | Reached skill level 10 in Fighting
  8582 | D:7      | Reached skill level 2 in Spellcasting
  8652 | D:6      | Reached skill level 3 in Spellcasting
  8986 | D:7      | Reached skill level 4 in Spellcasting
  9235 | D:7      | Noticed Joseph
  9254 | D:7      | Killed Joseph
  9255 | D:7      | Reached skill level 5 in Spellcasting
  9427 | D:7      | Reached ** piety under Hepliaklqana
  9428 | D:7      | Remembered your ancestor Atexexka as a knight
  9554 | D:7      | Found a staircase to the Ecumenical Temple.
  9566 | D:7      | Reached skill level 6 in Spellcasting
 10497 | D:8      | Reached XP level 10. HP: 75/79 MP: 19/19
 10646 | D:8      | Reached skill level 7 in Spellcasting
 10756 | D:8      | Found an ancient bone altar of Kikubaaqudgha.
 11357 | D:8      | Noticed Pikel
 11374 | D:8      | Killed Pikel
 11375 | D:8      | Reached skill level 8 in Spellcasting
 11625 | D:8      | Noticed Maurice
 11628 | D:8      | Maurice stole a ring of fire
 11633 | D:8      | Killed Maurice
 11927 | D:8      | Noticed a two-headed ogre
 11931 | D:8      | Killed a two-headed ogre
 11932 | D:8      | Reached skill level 9 in Spellcasting
 12139 | D:8      | Noticed Gastronok
 12149 | D:8      | Killed Gastronok
 12150 | D:8      | Reached skill level 10 in Spellcasting
 12150 | D:8      | Reached XP level 11. HP: 70/89 MP: 23/25
 13921 | D:9      | Noticed Erolcha
 14044 | D:9      | Killed Erolcha
 14290 | D:9      | Reached skill level 11 in Spellcasting
 14429 | D:9      | Found an ornate altar of the Wu Jian Council.
 14432 | D:9      | Found a glowing silver altar of Zin.
 14498 | D:9      | Found Parrye's Weapon Shoppe.
 14599 | D:9      | Noticed Jeremiah
 14669 | D:9      | Killed Jeremiah
 14670 | D:9      | Reached skill level 1 in Polearms
 14776 | D:9      | Reached *** piety under Hepliaklqana
 15108 | D:9      | Found a bloodstained altar of Trog.
 15760 | D:10     | Entered Level 10 of the Dungeon
 16157 | D:10     | Found a flagged portal.
 16171 | Bailey   | Entered a bailey
 16227 | Bailey   | Reached skill level 5 in Polearms
 16441 | Bailey   | Learned a level 4 spell: Animate Dead
 16475 | Bailey   | Identified the +2 great mace "Kofiek" {vamp, rN+}
 16811 | D:10     | Found a radiant altar of Vehumet.
 17235 | D:11     | Noticed Lodul
 17675 | D:11     | Reached **** piety under Hepliaklqana
 17947 | D:11     | Found a staircase to the Lair.
 17957 | D:11     | Identified the +1 leather armour of Zaaxzomp {rC+ rN++
                  | rCorr Int-5}
 18148 | D:11     | Killed Lodul
 18275 | D:11     | Found a staircase to the Orcish Mines.
 18300 | D:11     | Found a roughly hewn altar of Beogh.
 19109 | Lair:1   | Entered Level 1 of the Lair of Beasts
 19115 | Lair:1   | Reached XP level 12. HP: 95/95 MP: 27/27
 19460 | Lair:1   | Slain by a hell rat

Illustrated notes

Levels and vault maps discovered:
D:1:      dpeg_arrival_fog, layout_loops_ring, serial_forest,
          infiniplex_forest_clump_long, infiniplex_forest_clump_diagonal,
          infiniplex_forest_clump_medium, infiniplex_forest_clump_small,
          infiniplex_forest_straight_1, infiniplex_forest_clump_diagonal,
          infiniplex_forest_lined_room_3, infiniplex_forest_lined_3,
          infiniplex_forest_lined_4_way
D:2:      minmay_door_path, layout_rooms, minmay_snake_closets
D:3:      layout_basic, mainiacjoe_overflow_24_doors,
          ebering_ecumenical_altar_hall
D:4:      layout_basic, nzn_hepliaklqana_mist_gate, amcnicky_altar_gilded,
          overflow_temple_1_default, serial_shops, nicolae_shop_waterfront,
          nicolae_shop_tiny_statue_garden, shop,
          nicolae_shop_tiny_real_fake_doors,
          mainiacjoe_sewer_entry_somewhere_in_here_2, serial_corexii_hall,
          chequers_hall_statues_corner_a, chequers_hall_statues_y,
          chequers_hall_statues_y
D:5:      layout_rooms, xom_teletrap_fun, serial_shops, shop, uniq_sigmund,
          uniq_prince_ribbit1, uniq_eustachio, uniq_duvessa, uniq_blork_the_orc
D:6:      layout_cave_pools, uniq_edmund
D:7:      layout_layer_cave, minmay_temple_entry_stoned_glass, st_stairs_5,
          uniq_joseph
D:8:      layout_loops_corners, lemuel_mausoleum_altar_kikubaaqudgha,
          uniq_pikel, uniq_gastronok, uniq_maurice
D:9:      layout_cave_pools, mainiacjoe_overflow_catwalk_spiral,
          mainiacjoe_overflow_alcove_1, serial_gnoll_camp,
          gnoll_camp_huts_basic, gnoll_camp_mini_basic, gnoll_camp_medium_01,
          gnoll_camp_mini_shop, gnoll_camp_mini_house, uniq_erolcha,
          uniq_jeremiah
D:10:     layout_irregular_city, fiery_altar_vehumet, enter_bailey_7
D:11:     layout_layer_cave, dpeg_lair_monsters, minmay_orc_entry_temple_small,
          uniq_lodul
Lair:1:   layout_cave_pods, grunt_megastairs_5

Skill      XL: |  1  2  3  4  5  6  7  8  9 10 11 12 |
---------------+-------------------------------------+-----
Fighting       | 1 3 4 5 6 8 9 10 | 10.1
Armour         | 4 |  4.9
Necromancy     | 8 9 |  9.0
Spellcasting   | 6 10 11 | 11.0
Polearms       | 8 9 |  9.1
Dodging        | |  1.3
Stealth        | |  1.4

Action                     |  1- 3 |  4- 6 |  7- 9 | 10-12 || total
---------------------------+-------+-------+-------+-------++-------
  Melee: Unarmed           |    15 |       |       |       ||    15
         Dagger            |    93 |   119 |    58 |       ||   270
         Glaive            |       |       |     9 |       ||     9
         Halberd           |       |       |   227 |   375 ||   602
   Cast: Necrotise         |    70 |   133 |    24 |       ||   227
         Vampiric Draining |       |       |    27 |    44 ||    71
         Animate Dead      |       |       |       |     1 ||     1
 Invoke: Ancestor Life: Kn |       |       |     1 |       ||     1
         Recall Ancestor   |       |       |       |     4 ||     4
  Evoke: Wand              |       |       |       |     9 ||     9
    Use: Scroll            |       |     1 |     7 |     9 ||    17
         Potion            |       |       |     4 |     2 ||     6
   Stab: Sleeping          |       |       |     2 |     1 ||     3
         Distracted        |       |       |     1 |       ||     1
 Armour: Robe              |    43 |    23 |       |       ||    66
         Scale mail        |       |    63 |       |       ||    63
         Leather armour    |       |    19 |   380 |   419 ||   818
  Dodge: Dodged            |    37 |    87 |   273 |   302 ||   699

Table legend: (Time is in decaauts)
 A = Elapsed time spent in this place.
 B = Non-inter-level travel time spent in this place.
 C = Inter-level travel time spent in this place.
 D = Time resting spent in this place.
 E = Time spent auto-exploring this place.
 F = Levels seen in this place.
 G = Mean time per level.
                   A        B        C        D        E       F      G
               +--------+--------+--------+--------+--------+-----+--------+
         Total |  19758 |  18519 |   1239 |   3024 |  12358 |  14 | 1411.3 |
       Dungeon |  18498 |  17259 |   1239 |   2887 |  11591 |  11 | 1681.6 |
          Lair |    352 |    352 |      0 |      0 |    293 |   1 |  352.0 |
         Sewer |    299 |    299 |      0 |      0 |    230 |   1 |  299.0 |
        Bailey |    608 |    608 |      0 |    137 |    244 |   1 |  608.0 |
               +--------+--------+--------+--------+--------+-----+--------+

Top non-repeatable levels by time:
     D:8: 4025 daAuts
     D:4: 2140 daAuts
     D:7: 1637 daAuts
     D:9: 1627 daAuts
     D:5: 1500 daAuts
     D:2: 1475 daAuts
     D:1: 1454 daAuts
    D:11: 1444 daAuts
    D:10: 1276 daAuts
     D:3: 1227 daAuts
     D:6: 689 daAuts
  Bailey: 608 daAuts
  Lair:1: 352 daAuts
   Sewer: 299 daAuts
